 Dungeon Crawl Stone Soup version 0.28-a0-932-g843f935a50 (webtiles) character file.

Game seed: 2874932279724093168

2109 Gargoyl the Skirmisher (level 9, -1/74 HPs)
             Began as a Gnoll Abyssal Knight on Nov 27, 2021.
             Was a Believer of Lugonu.
             Slain by a killer bee (2 damage)
             ... on level 5 of the Dungeon.
             The game lasted 00:06:24 (4793 turns).

Gargoyl the Skirmisher (Gnoll Abyssal Knight)       Turns: 4793, Time: 00:06:24

Health: -1/74      AC: 12    Str: 15    XL:     9   Next: 28%
Magic:  15/15      EV: 13    Int: 11    God:    Lugonu [**....]
Gold:   342        SH:  0    Dex: 16    Spells: 16/16 levels left

rFire   . . .      SeeInvis .   a - +5 hand axe (vorpal)
rCold   . . .      Faith    .   (no shield)
rNeg    . . .      Spirit   .   r - +0 ring mail "Hero's Friend" {Dex+4}
rPois   .          Reflect  .   d - +2 helmet
rElec   .          Harm     .   b - +2 cloak
rCorr   .          Rampage  .   (no gloves)
Will    .....                   (no boots)
Stlth   ++........              (no amulet)
HPRegen 0.22/turn               (no ring)
MPRegen 0.14/turn               (no ring)

@: lethally poisoned (-1 -> -4)
A: fangs 1, strong nose, distributed training
a: Renounce Religion, Depart the Abyss, Bend Space


You were on level 5 of the Dungeon.
You worshipped Lugonu.
Lugonu was pleased with you.
You visited 1 branch of the dungeon, and saw 6 of its levels.
You visited the Abyss 1 time.

You collected 342 gold pieces.

Inventory:

Hand Weapons
 a - a +5 vorpal hand axe (weapon)
Armour
 b - a +2 cloak (worn)
 d - a +2 helmet (worn)
 r - the +0 ring mail "Hero's Friend" (worn) {Dex+4}
   (You found it on level 4 of the Dungeon)

   Dex:       It affects your dexterity (+4).
Wands
 c - a wand of digging (3)
 f - a wand of charming (8)
 g - a wand of iceblast (12)
Scrolls
 e - 2 scrolls of teleportation
 n - a scroll of magic mapping
 p - a scroll of fog
Potions
 i - a potion of resistance {unknown}
 j - a potion of cancellation {unknown}
 l - a potion of invisibility {unknown}
 m - a potion of berserk rage {unknown}
 o - a potion of flight {unknown}
 u - a potion of haste {unknown}


   Skills:
 + Level 7.8 Fighting
 + Level 4.1 Short Blades
 + Level 4.1 Long Blades
 + Level 6.2 Axes
 + Level 4.1 Maces & Flails
 + Level 4.1 Polearms
 + Level 4.1 Staves
 + Level 4.1 Slings
 + Level 4.1 Bows
 + Level 4.1 Crossbows
 + Level 4.1 Throwing
 + Level 6.2 Armour
 + Level 4.9 Dodging
 + Level 4.1 Stealth
 + Level 4.1 Shields
 + Level 4.1 Unarmed Combat
 + Level 4.1 Spellcasting
 + Level 3.3 Conjurations
 + Level 3.3 Hexes
 + Level 3.3 Summonings
 + Level 3.3 Necromancy
 + Level 3.3 Translocations
 + Level 3.3 Transmutations
 + Level 3.3 Fire Magic
 + Level 3.3 Ice Magic
 + Level 3.3 Air Magic
 + Level 3.3 Earth Magic
 + Level 3.3 Poison Magic
 + Level 6.5 Invocations
 + Level 4.1 Evocations


You had 16 spell levels left.
You didn't know any spells.
Your spell library contained the following spells:

 Spells                   Type           Power      Damage    Failure   Level
 Animate Skeleton         Necr           18%        N/A       11%         1
 Pain                     Necr           36%        1d5       11%         1
 Vampiric Draining        Necr           9%         2d6       32%         3
 Olgreb's Toxic Radiance  Pois           9%         N/A       71%         4
 Ozocubu's Refrigeration  Ice            4%         4d5       100%        7
 Ignition                 Fire           4%         3d4       100%        8


Dungeon Overview and Level Annotations

Branches:
Dungeon (6/15)             Temple (0/1) D:4

Altars:
Makhleb
Nemelex Xobeh
Okawaru
Uskayaw
Yredelemnul
The Shining One


Innate Abilities, Weirdness & Mutations

You have very sharp teeth.
Your uncanny sense of smell can sniff out nearby items.
Your experience applies equally to all skills.


Message History

There is a stone staircase leading up here.
You feel sick. The killer bee barely misses you. x2
The killer bee misses you. The killer bee barely misses you.
You climb upwards.
You feel sick.
There is a stone staircase leading down here.
Okay, then.
You feel much better.
You feel sick. The killer bee barely misses you. The killer bee stings you!
* * * LOW HITPOINT WARNING * * *
The killer bee stings you.
* * * LOW HITPOINT WARNING * * *
You are more poisoned.
The killer bee poisons you! The killer bee barely misses you.
You completely miss the killer bee.
You hit the killer bee but do no damage.
You feel sick. The killer bee misses you. The killer bee barely misses you.
The killer bee closely misses you.
The killer bee stings you but does no damage.
Unknown command.
You hit the killer bee.
The killer bee is moderately wounded.
You closely miss the killer bee.
You feel sick. The killer bee closely misses you. The killer bee misses you.
The killer bee closely misses you. The killer bee stings you.
* * * LOW HITPOINT WARNING * * *
Unknown command.
You hit the killer bee. Your bite misses the killer bee.
The killer bee is heavily wounded.
You slash the killer bee!
You feel sick. The killer bee barely misses you.
The killer bee stings you but does no damage.
The killer bee misses you.
Unknown command.
You hit the killer bee.
The killer bee is almost dead.
You closely miss the killer bee.
You feel sick.
The killer bee stings you but does no damage.
The killer bee stings you.
* * * LOW HITPOINT WARNING * * *
The killer bee stings you.
You die...

# ####...###....# ############
#....#.# ###..# ##.....#..... #
##.####.######.###............ #
#..# #..........#............. #
#### #........................
#########..........#.............
#..................#.............
######.........yy................
.......##.......@..#.............
#########..........##............
##############.....#.....
############


You could see 2 killer bees.

Vanquished Creatures
  Pikel (D:6)
  Grinder (D:4)
  An orc warrior (D:5)
  2 ogres
  2 necrophages
  A centaur (D:5)
  3 phantoms
  A water moccasin skeleton (D:5)
  A killer bee (D:6)
  A howler monkey (D:6)
  2 bullfrog skeletons
  A bullfrog zombie (D:5)
  3 hounds
  3 orc priests
  A centaur skeleton (D:3)
  An iguana (D:4)
  2 scorpion zombies (D:3)
  2 orc wizards (D:5)
  3 gnolls (D:2)
  5 adders
  An adder zombie (D:3)
  An adder skeleton (D:4)
  5 orcs
  5 bats
  7 endoplasms
  2 giant cockroaches
  5 goblins
  5 hobgoblins
  A quokka (D:3)
  4 ball pythons
  A ball python zombie (D:3)
  3 frilled lizards
  4 kobolds
  4 rats
85 creatures vanquished.

Notes
Turn   | Place    | Note
-------+----------+-------------------------------------------
     0 | Abyss:1  | Gargoyl the Gnoll Abyssal Knight began the quest for the
                  | Orb.
     0 | Abyss:1  | Reached XP level 1. HP: 23/23 MP: 3/3
    66 | Abyss:2  | Noticed a spatial vortex
    66 | Abyss:2  | Noticed a thrashing horror
    80 | Abyss:2  | Noticed a large abomination
    87 | Abyss:2  | Noticed a spatial maelstrom
    87 | Abyss:2  | Noticed a spatial vortex
    89 | Abyss:2  | Noticed a spatial vortex
    90 | Abyss:2  | Noticed a hellion
    91 | Abyss:2  | Noticed a smoke demon
    92 | D:1      | Escaped the Abyss
   148 | D:1      | Reached * piety under Lugonu
   445 | D:1      | Reached XP level 2. HP: 29/29 MP: 5/5
   844 | D:2      | Reached XP level 3. HP: 35/35 MP: 6/6
  1157 | D:4      | Reached skill level 1 in Short Blades
  1157 | D:4      | Reached skill level 1 in Long Blades
  1157 | D:4      | Reached skill level 1 in Maces & Flails
  1157 | D:4      | Reached skill level 1 in Polearms
  1157 | D:4      | Reached skill level 1 in Staves
  1157 | D:4      | Reached skill level 1 in Slings
  1157 | D:4      | Reached skill level 1 in Bows
  1157 | D:4      | Reached skill level 1 in Crossbows
  1157 | D:4      | Reached skill level 1 in Throwing
  1157 | D:4      | Reached skill level 1 in Stealth
  1157 | D:4      | Reached skill level 1 in Shields
  1157 | D:4      | Reached skill level 1 in Unarmed Combat
  1157 | D:4      | Reached skill level 1 in Spellcasting
  1157 | D:4      | Reached skill level 1 in Evocations
  1166 | D:4      | Reached XP level 4. HP: 31/41 MP: 7/7
  1402 | D:4      | Reached skill level 1 in Conjurations
  1402 | D:4      | Reached skill level 1 in Hexes
  1402 | D:4      | Reached skill level 1 in Summonings
  1402 | D:4      | Reached skill level 1 in Necromancy
  1402 | D:4      | Reached skill level 1 in Translocations
  1402 | D:4      | Reached skill level 1 in Transmutations
  1402 | D:4      | Reached skill level 1 in Fire Magic
  1402 | D:4      | Reached skill level 1 in Ice Magic
  1402 | D:4      | Reached skill level 1 in Air Magic
  1402 | D:4      | Reached skill level 1 in Earth Magic
  1402 | D:4      | Reached skill level 1 in Poison Magic
  1675 | D:2      | Reached ** piety under Lugonu
  1747 | D:2      | Reached XP level 5. HP: 43/47 MP: 8/8
  1823 | D:2      | Noticed a phantom
  1837 | D:2      | Killed a phantom
  1953 | D:3      | Reached skill level 5 in Invocations
  1953 | D:3      | Reached XP level 6. HP: 51/53 MP: 9/9
  1977 | D:3      | Found a faded altar of an unknown god.
  2341 | D:3      | Found a sparkling altar of Nemelex Xobeh.
  2537 | D:3      | Found a basalt altar of Yredelemnul.
  2730 | D:4      | Reached skill level 5 in Axes
  2730 | D:4      | Reached skill level 5 in Armour
  2781 | D:4      | Found a staircase to the Ecumenical Temple.
  2783 | D:4      | Noticed a necrophage
  2795 | D:4      | Killed a necrophage
  2802 | D:4      | Identified the +0 ring mail "Hero's Friend" {Dex+4}
  2815 | D:4      | Reached XP level 7. HP: 23/59 MP: 10/10
  3210 | D:5      | Entered Level 5 of the Dungeon
  3212 | D:5      | Noticed Grinder
  3221 | D:5      | Reached skill level 7 in Fighting
  3245 | D:4      | Killed Grinder
  3408 | D:5      | Reached XP level 8. HP: 64/67 MP: 12/12
  3945 | D:5      | Found a glowing golden altar of the Shining One.
  3985 | D:5      | Found an iron altar of Okawaru.
  4223 | D:5      | Found a burning altar of Makhleb.
  4223 | D:5      | Found a hide-covered altar of Uskayaw.
  4737 | D:6      | Noticed Pikel
  4771 | D:6      | Killed Pikel
  4772 | D:6      | Reached XP level 9. HP: 31/74 MP: 13/15
  4793 | D:5      | HP: 1/74 [killer bee (6)]
  4793 | D:5      | Slain by a killer bee

Illustrated notes

Levels and vault maps discovered:
D:1:      lightli_molten_gateway, layout_loops_ring, kennysheep_another_room
D:2:      layout_basic
D:3:      layout_loops_ring, nicolae_yredelemnul_corpse_copse,
          mainiacjoe_overflow_surrounded_room,
          hellmonk_ecumenical_altar_heavens_door
D:4:      layout_basic, minmay_temple_entry_purple_smoke
D:5:      layout_rooms, mainiacjoe_overflow_catwalk_spiral,
          gammafunk_temple_overflow_pools,
          nicolae_concentric_dashed_squares_wild, lemuel_old_faithful,
          uniq_grinder
D:6:      layout_basic, lemuel_round_altar, led_sif_book, uniq_pikel

Skill      XL: |  1  2  3  4  5  6  7  8 |
---------------+-------------------------+-----
Short Blades   | 1 2 4 |  4.1
Long Blades    | 1 2 4 |  4.1
Maces & Flails | 1 2 4 |  4.1
Polearms       | 1 2 4 |  4.1
Staves         | 1 2 4 |  4.1
Slings         | 1 2 4 |  4.1
Bows           | 1 2 4 |  4.1
Crossbows      | 1 2 4 |  4.1
Throwing       | 1 2 4 |  4.1
Stealth        | 1 2 4 |  4.1
Shields        | 1 2 4 |  4.1
Unarmed Combat | 1 2 4 |  4.1
Spellcasting   | 1 2 4 |  4.1
Evocations     | 1 2 4 |  4.1
Conjurations   | 1 2 3 |  3.3
Hexes          | 1 2 3 |  3.3
Summonings     | 1 2 3 |  3.3
Necromancy     | 1 2 3 |  3.3
Translocations | 1 2 3 |  3.3
Transmutations | 1 2 3 |  3.3
Fire Magic     | 1 2 3 |  3.3
Ice Magic      | 1 2 3 |  3.3
Air Magic      | 1 2 3 |  3.3
Earth Magic    | 1 2 3 |  3.3
Poison Magic   | 1 2 3 |  3.3
Dodging        | 3 4 |  4.9
Invocations    | 5 6 |  6.5
Axes           | 5 6 |  6.2
Armour         | 5 6 |  6.2
Fighting       | 7 |  7.8

Action                   |  1- 3 |  4- 6 |  7- 9 || total
-------------------------+-------+-------+-------++-------
Melee: Hand axe          |    62 |    92 |   149 ||   303
       Bite              |     5 |     6 |    19 ||    30
       Punch             |       |       |     1 ||     1
Invok: Depart the Abyss  |     1 |       |       ||     1
       Bend Space        |       |       |     1 ||     1
  Use: Scroll            |    12 |     3 |     4 ||    19
       Potion            |       |     1 |     2 ||     3
 Stab: Sleeping          |       |       |     1 ||     1
Armor: Ring mail         |    23 |    59 |    75 ||   157
       Leather armour    |     3 |       |       ||     3
Dodge: Dodged            |    36 |    69 |    87 ||   192

Table legend: (Time is in decaauts)
 A = Elapsed time spent in this place.
 B = Non-inter-level travel time spent in this place.
 C = Inter-level travel time spent in this place.
 D = Time resting spent in this place.
 E = Time spent auto-exploring this place.
 F = Levels seen in this place.
 G = Mean time per level.
                   A        B        C        D        E       F      G
               +--------+--------+--------+--------+--------+-----+--------+
         Total |   4805 |   4635 |    170 |    210 |   3464 |   8 |  600.6 |
       Dungeon |   4713 |   4543 |    170 |    210 |   3422 |   6 |  785.5 |
         Abyss |     91 |     91 |      0 |      0 |     42 |   2 |   45.5 |
               +--------+--------+--------+--------+--------+-----+--------+

Top non-repeatable levels by time:
     D:4: 1054 daAuts
     D:5: 881 daAuts
     D:2: 871 daAuts
     D:3: 701 daAuts
     D:1: 659 daAuts
     D:6: 545 daAuts
 Abyss:2: 87 daAuts
 Abyss:1: 4 daAuts
